 Dungeon Crawl Stone Soup version 0.28-a0-1510-gd0f6b136d3 (webtiles) character file.

Game seed: 10044081732210434860

82112 oldriver the Carver (level 15, -12/180 HPs)
             Began as a Gnoll Cinder Acolyte on Jan 15, 2022.
             Was an Initiate of Jiyva.
             Killed from afar by a wretched star (15 damage)
             ... with a lance of force
             ... on level 3 of the Abyss.
             The game lasted 01:22:06 (48122 turns).

oldriver the Carver (Gnoll Cinder Acolyte)         Turns: 48122, Time: 01:22:07

Health: -12/180    AC: 12    Str: 21 (22) XL:     15   Next: 72%
Magic:  1/29       EV: 17    Int: 15      God:    Jiyva [......]
Gold:   2462       SH:  6    Dex:  7      Spells: 10/35 levels left

rFire   . . .      SeeInvis .   u - +7 mace of Tenacity {freeze, rPois rN+ Str+2}
rCold   . . .      Faith    .   D - +0 buckler
rNeg    + . .      Spirit   .   F - +4 troll leather armour
rPois   +          Reflect  .   I - +0 helmet
rElec   .          Harm     .   a - +0 cloak
rCorr   .          Rampage  .   (no gloves)
Will    ++...      Rnd*Tele +   p - +0 pair of boots
Stlth   ..........              (no amulet)
HPRegen 0.00/turn               n - ring of willpower
MPRegen 0.21/turn               q - +4 ring of evasion

@: berserking, about to teleport, inhibited regen, fire susceptible, very quick
A: fangs 1, strong nose, distributed training, [deformed body], [deterioration
2], [inhibited regeneration], [teleportitis 2]
a: Renounce Religion


You were on level 3 of the Abyss.
You worshipped Jiyva.
Jiyva was noncommittal.
You visited 5 branches of the dungeon, and saw 28 of its levels.
You visited the Abyss 1 time.
You also visited: Ossuary.

You collected 2820 gold pieces.
You spent 358 gold pieces at shops.

Inventory:

Hand Weapons
 u - the +7 mace of Tenacity (weapon) {freeze, rPois rN+ Str+2}
   (You bought it in a shop on level 3 of the Dungeon)

   It freezes those it strikes, dealing additional cold damage.
   It can also slow down cold-blooded creatures.
   Str:       It affects your strength (+2).
   rPois:     It protects you from poison.
   rN:        It protects you from negative energy.
Missiles
 b - 3 silver javelins
 e - 32 poisoned darts
 y - a throwing net
 C - 17 javelins
Armour
 a - a +0 cloak (worn)
 p - a +0 pair of boots (worn)
 D - a +0 buckler (worn)
 F - a +4 troll leather armour (worn)
 I - a +0 helmet (worn)
Jewellery
 n - a ring of willpower (left hand)
 q - a +4 ring of evasion (right hand)
 J - a ring of positive energy
Wands
 d - a wand of digging (7)
 g - a wand of flame (15)
 s - a wand of iceblast (23)
 B - a wand of paralysis (10)
 E - a wand of polymorph (9)
 H - a wand of charming (3)
Scrolls
 k - 8 scrolls of amnesia
 t - 5 scrolls of teleportation
 w - 2 scrolls of magic mapping
 z - 3 scrolls of immolation
 A - 3 scrolls of identify
 G - a scroll of brand weapon
 L - a scroll of enchant weapon
 M - a scroll of enchant armour
Potions
 c - 3 potions of lignification
 f - 5 potions of might
 h - 3 potions of degeneration
 j - 8 potions of brilliance
 l - 2 potions of mutation
 m - 3 potions of haste
 o - 3 potions of attraction
 r - a potion of magic
 v - a potion of berserk rage
 x - a potion of flight
 K - a potion of cancellation


   Skills:
 + Level 12.1 Fighting
 + Level 10.3 Short Blades
 + Level 12.1 Long Blades
 + Level 10.3 Axes
 + Level 10.3 Maces & Flails
 + Level 10.3 Polearms
 + Level 10.3 Staves
 + Level 10.3 Slings
 + Level 10.3 Bows
 + Level 10.3 Crossbows
 + Level 10.3 Throwing
 + Level 10.3 Armour
 + Level 10.3 Dodging
 + Level 10.3 Stealth
 + Level 10.3 Shields
 + Level 10.3 Unarmed Combat
 + Level 10.7 Spellcasting
 + Level 8.6 Conjurations
 + Level 8.6 Hexes
 + Level 8.6 Summonings
 + Level 8.6 Necromancy
 + Level 8.6 Translocations
 + Level 8.6 Transmutations
 + Level 10.3 Fire Magic
 + Level 8.6 Ice Magic
 + Level 8.6 Air Magic
 + Level 8.6 Earth Magic
 + Level 8.6 Poison Magic
 + Level 11.2 Invocations
 + Level 10.3 Evocations


You had 10 spell levels left.
You knew the following spells:

 Your Spells              Type           Power      Damage    Failure   Level
a - Scorch                Fire           76%        2d8       1%          2
b - Blink                 Tloc           68%        N/A       1%          2
c - Olgreb's Toxic Radia  Pois           34%        N/A       3%          4
d - Flame Wave            Conj/Fire      36%        2d7       2%          4
e - Passage of Golubria   Tloc           34%        N/A       3%          4
f - Airstrike             Air            17%        N/A       3%          4
g - Summon Mana Viper     Hex/Summ       34%        N/A       10%         5

Your spell library contained the following spells:

 Spells                   Type           Power      Damage    Failure   Level
 Shock                    Conj/Air       100%       1d9       1%          1
 Slow                     Hex            100%       N/A       1%          1
 Sting                    Tmut/Pois      100%       1d8       1%          1
 Ensorcelled Hibernation  Hex/Ice        68%        N/A       1%          2
 Passwall                 Tmut/Erth      28%        N/A       1%          2
 Poisonous Vapours        Pois/Air       68%        N/A       1%          2
 Confusing Touch          Hex            34%        N/A       1%          3
 Lesser Beckoning         Tloc           34%        N/A       1%          3
 Swiftness                Air            34%        N/A       1%          3
 Tukima's Dance           Hex            34%        N/A       1%          3
 Vampiric Draining        Necr           34%        2d8       1%          3
 Manifold Assault         Tloc           34%        N/A       10%         5
 Summon Forest            Summ/Tloc      17%        N/A       10%         5
 Yara's Violent Unravell  Hex/Tmut       17%        3d8       10%         5
 Dispersal                Tloc           17%        N/A       47%         6
 Summon Cactus Giant      Summ           17%        N/A       47%         6
 Disjunction              Tloc           17%        N/A       100%        8


Dungeon Overview and Level Annotations

Branches:
Dungeon (14/15)            Temple (0/1) D:6            Lair (6/6) D:10
 Shoals (0/4) Lair:3        Snake (1/4) Lair:2        Slime (5/5) Lair:6
    Orc (2/2) D:9             Elf (0/3) Orc:2        Vaults (0/5) D:13
Ossuary (visited)

Altars:
Elyvilon
Makhleb
Nemelex Xobeh
Wu Jian
Xom
Zin
Jiyva

Shops:
D:3 ((*!   D:5 *   D:10 *   Orc:2 ::*[

Portals:
Hell: Lair:6

Annotations:
D:11 3 runed translucent doors
D:12 2 transporters, Azrael
Slime:5 Royal Jelly


Innate Abilities, Weirdness & Mutations

You have very sharp teeth.
Your uncanny sense of smell can sniff out nearby items.
Your experience applies equally to all skills.
[Armour fits poorly on your strangely shaped body.]
[Your body often deteriorates upon taking damage.]
[You do not regenerate when monsters are visible.]
[You are sometimes teleported next to monsters.]


Message History

Your mana viper bites something but does no damage.
Something hits you!
* * * LOW HITPOINT WARNING * * *
You feel your power leaking away.
Okay, then.
As you read the scroll of fog, it crumbles to dust.
The scroll dissolves into smoke.
Your mana viper bites something!
Something hits your mana viper!!
Your mana viper closely misses something.
Unknown command.
You hit something. Something barely misses you.
Your mana viper bites something.
Unknown command.
You miss something.
Your mana viper misses something.
Something hits you!!
* * * LOW HITPOINT WARNING * * *
Your body deteriorates!
You feel weakened.
Unknown command.
A red film seems to cover your vision as you go berserk!
You feel yourself moving faster!
You feel mighty!
Your mana viper bites something.
You block something's attack.
You are too injured to fight recklessly!
You closely miss something. Your bite misses something.
Your mana viper misses something.
You bludgeon something!! You freeze something.
Your mana viper bites something.
Something closely misses your mana viper.
You bludgeon something!! You freeze something.
Reactivating autopickup.
You swap places.
Your mana viper disappears in a puff of smoke!
The wretched star glows turbulently.
The lance of force misses you.
There are no items here.
You closely miss the wretched star.
The wretched star is lightly damaged.
You hit the wretched star but do no damage.
You bite the wretched star, but do no damage.
The wretched star is lightly damaged.
The wretched star glows turbulently.
The lance of force hits you!
You die...

≈ ≈≈ ≈≈≈
#.≈.
#####
..##
#§#§# .
.. #*@##
.#≈
.##.§§##
. . ≈#
###.##§#
.# .
.#≈X.....
# .. .. .
#.w. .
..# # .#
. #####..
#. # .. .
##
...##§. #
. # .#..
.## # ..#
# . #. #.
.#..


You could see a wretched star.

Vanquished Creatures
  Kirke (D:12)
  A lorocyproca (Abyss:3)
  Snorg (Orc:2)
  The ghost of Xudibb the Basher, a journeyman DgFi (Orc:1)
  Fannar (D:11)
  A vault guard (D:13)
  2 boulder beetles (Lair:5)
  A naga warrior (Snake:1)
  Harold (D:7)
  A catoblepas (Lair:5)
  Erolcha (D:11)
  8 hydras
  3 centaur warriors
  3 two-headed ogres
  An alligator (Lair:5)
  Urug (D:13)
  13 death yaks
  Nergalle (D:11)
  A sixfirhy (Lair:6)
  A skeletal warrior (D:13)
  2 wizards
  Pikel (D:6)
  2 orc knights (Orc:2)
  3 necromancers (D:13)
  2 lindwurms (Lair:5)
  A deep elf pyromancer (D:12)
  2 manticores (D:11)
  A cyclops (D:14)
  An orc sorcerer (Orc:1)
  2 ugly things (D:13)
  An oklob plant (Lair:4)
  11 elephants
  Maurice (D:8)
  Joseph (D:8)
  3 black mambas
  An orange demon (Lair:6)
  A smoke demon (Lair:6)
  An unseen horror (D:11)
  6 cane toads
  Maggie (D:6)
  7 komodo dragons
  5 rime drakes
  An ice devil (Lair:6)
  3 red devils (Lair:6)
  A polar bear (Lair:4)
  7 trolls
  Prince Ribbit (D:6)
  4 hornets
  15 blink frogs
  5 slime creatures (D:13)
  A shadow (D:12)
  39 yaks
  3 wyverns
  5 hogs (D:12)
  3 fire elementals
  19 humans (D:13)
  2 steam dragons
  6 wraiths
  Grum (D:8)
  2 basilisks
  5 vampire mosquitoes
  5 nagas (Lair:2)
  2 wargs (Orc:1)
  7 hell hounds
  14 water moccasins
  31 orc warriors
  2 necrophages
  3 ice beasts
  10 ogres
  26 centaurs
  18 wolves
  A phantom (D:5)
  3 lemures (D:7)
  11 bullfrogs
  2 scorpions
  A water moccasin zombie (D:6)
  A wyvern skeleton (D:7)
  8 killer bees
  5 electric eels
  3 vampire bats (Lair:5)
  2 howler monkeys (D:9)
  A nameless horror (Orc:2)
  4 centaur zombies
  13 orc priests
  A jelly (D:7)
  8 hounds
  Crazy Yiuf (D:6)
  2 bullfrog skeletons
  2 centaur skeletons (D:7)
  3 iguanas
  16 orc wizards
  2 hell rats (Lair:6)
  A killer bee zombie (D:8)
  A hound zombie (D:5)
  A hound skeleton (D:4)
  9 mummies
  2 howler monkey zombies
  7 adders
  A white imp (D:5)
  2 ufetubi
  An adder skeleton (D:4)
  A worm (D:2)
  2 dart slugs (D:2)
  61 orcs
  12 ball pythons
  9 endoplasms
  5 giant cockroaches
  4 gnoll zombies (Ossuary)
  17 goblins
  7 hobgoblins
  3 jackals (D:2)
  7 kobolds
  6 quokkas
  11 bats
  6 frilled lizards
  2 kobold zombies (Ossuary)
  2 orc zombies (Ossuary)
  A quokka skeleton (D:4)
  8 rats
  A lurking horror (Abyss:3)
621 creatures vanquished.

Vanquished Creatures (collateral kills)
  Josephine (Orc:2)
  The ghost of bronco the Blocker, a journeyman HuFi of Okawaru (D:8)
  2 skeletal warriors (D:13)
  2 orc knights
  A vampire mosquito (Lair:6)
  3 orc warriors
  An ogre (Orc:1)
  A centaur (Orc:2)
  An orc priest (Orc:2)
  An orc wizard (Orc:1)
  4 orcs
18 creatures vanquished.

Vanquished Creatures (others)
  2 glowing orange brains
  An orc wizard (D:9)
  A bush (Lair:5)
  40 foxfires (D:5)
  45 fungi
  103 plants
  6 starspawn tentacles (Abyss:3)
198 creatures vanquished.

Grand Total: 837 creatures vanquished

Notes
Turn   | Place    | Note
-------+----------+-------------------------------------------
     0 | D:1      | oldriver the Gnoll Cinder Acolyte began the quest for the
                  | Orb.
     0 | D:1      | Reached XP level 1. HP: 23/23 MP: 4/4
   275 | D:1      | Reached XP level 2. HP: 26/29 MP: 5/5
   314 | D:1      | Found a faded altar of an unknown god.
   442 | D:1      | Learned a level 2 spell: Scorch
   772 | D:1      | Reached XP level 3. HP: 27/35 MP: 0/7
  1440 | D:2      | Reached skill level 1 in Invocations
  1704 | D:2      | Reached skill level 1 in Short Blades
  1704 | D:2      | Reached skill level 1 in Axes
  1704 | D:2      | Reached skill level 1 in Maces & Flails
  1704 | D:2      | Reached skill level 1 in Polearms
  1704 | D:2      | Reached skill level 1 in Staves
  1704 | D:2      | Reached skill level 1 in Slings
  1704 | D:2      | Reached skill level 1 in Bows
  1704 | D:2      | Reached skill level 1 in Crossbows
  1704 | D:2      | Reached skill level 1 in Throwing
  1704 | D:2      | Reached skill level 1 in Armour
  1704 | D:2      | Reached skill level 1 in Dodging
  1704 | D:2      | Reached skill level 1 in Stealth
  1704 | D:2      | Reached skill level 1 in Shields
  1704 | D:2      | Reached skill level 1 in Unarmed Combat
  1704 | D:2      | Reached skill level 1 in Evocations
  1852 | D:2      | Reached XP level 4. HP: 41/41 MP: 5/8
  2125 | D:2      | Found a sparkling altar of Nemelex Xobeh.
  2673 | D:2      | Reached skill level 1 in Conjurations
  2673 | D:2      | Reached skill level 1 in Hexes
  2673 | D:2      | Reached skill level 1 in Summonings
  2673 | D:2      | Reached skill level 1 in Necromancy
  2673 | D:2      | Reached skill level 1 in Translocations
  2673 | D:2      | Reached skill level 1 in Transmutations
  2673 | D:2      | Reached skill level 1 in Ice Magic
  2673 | D:2      | Reached skill level 1 in Air Magic
  2673 | D:2      | Reached skill level 1 in Earth Magic
  2673 | D:2      | Reached skill level 1 in Poison Magic
  3061 | D:3      | Found Ucsacup's Assorted Antiques.
  3065 | D:3      | Bought a scroll labelled NOEPRI EWKUPLUGU for 30 gold
                  | pieces
  3065 | D:3      | Bought a scroll labelled BUTHAUTOCS for 30 gold pieces
  3209 | D:3      | Found Kimiu's Weapon Emporium.
  3218 | D:3      | Found Zeubuh's Distillery.
  3342 | D:3      | Reached XP level 5. HP: 47/47 MP: 6/9
  3626 | D:3      | Found Natiass's Antique Weapon Shoppe.
  3966 | D:3      | Reached XP level 6. HP: 47/53 MP: 1/11
  5134 | D:4      | Found an ornate altar of the Wu Jian Council.
  5394 | D:4      | Reached XP level 7. HP: 60/60 MP: 4/12
  6024 | D:5      | Entered Level 5 of the Dungeon
  6432 | D:5      | Noticed a steam dragon
  6470 | D:5      | Reached XP level 8. HP: 31/67 MP: 14/14
  6678 | D:5      | Found Zin's Purification Station.
  6683 | D:5      | Found a glowing silver altar of Zin.
  6846 | D:5      | You fall into a shaft and drop 2 floors!
  6859 | D:6      | Identified a scroll of acquirement
  6859 | D:6      | Acquired 793 gold pieces
  6914 | D:6      | Noticed Maggie
  6952 | D:6      | Killed Maggie
  7175 | D:6      | Found a sand-covered staircase.
  7192 | Ossuary  | Entered an ossuary
  7549 | Ossuary  | Reached XP level 9. HP: 72/72 MP: 9/16
  7746 | D:6      | Found a sparkling altar of Nemelex Xobeh.
  7910 | D:3      | Bought a masterwork mace for 240 gold pieces
  7910 | D:3      | Identified the +7 mace of Tenacity {freeze, rPois rN+
                  | Str+2} (You bought it in a shop on level 3 of the Dungeon)
  7965 | D:6      | Found a staircase to the Ecumenical Temple.
  8176 | D:6      | Found a runed translucent door.
  8177 | D:6      | Noticed Crazy Yiuf
  8508 | D:6      | Killed Crazy Yiuf
  8509 | D:6      | Reached skill level 5 in Spellcasting
  8779 | D:7      | Noticed a hornet
  8813 | D:7      | Noticed a two-headed ogre
  8822 | D:7      | Killed a two-headed ogre
  8883 | D:7      | Reached skill level 5 in Invocations
  9388 | D:7      | Killed a hornet
  9388 | D:7      | Noticed Pikel
  9389 | D:7      | Reached XP level 10. HP: 80/80 MP: 9/18
  9399 | D:7      | Noticed Prince Ribbit
  9876 | D:7      | Noticed Harold
  9889 | D:7      | Killed Harold
  9890 | D:7      | Reached skill level 5 in Short Blades
  9890 | D:7      | Reached skill level 5 in Axes
  9890 | D:7      | Reached skill level 5 in Maces & Flails
  9890 | D:7      | Reached skill level 5 in Polearms
  9890 | D:7      | Reached skill level 5 in Staves
  9890 | D:7      | Reached skill level 5 in Slings
  9890 | D:7      | Reached skill level 5 in Bows
  9890 | D:7      | Reached skill level 5 in Crossbows
  9890 | D:7      | Reached skill level 5 in Throwing
  9890 | D:7      | Reached skill level 5 in Armour
  9890 | D:7      | Reached skill level 5 in Dodging
  9890 | D:7      | Reached skill level 5 in Stealth
  9890 | D:7      | Reached skill level 5 in Shields
  9890 | D:7      | Reached skill level 5 in Unarmed Combat
  9890 | D:7      | Reached skill level 5 in Evocations
 10203 | D:6      | Killed Prince Ribbit
 10288 | D:6      | Killed Pikel
 10505 | D:8      | Noticed Grum
 10604 | D:8      | Killed Grum
 10864 | D:8      | Noticed Maurice
 10871 | D:8      | Killed Maurice
 11375 | D:8      | Noticed Joseph
 11392 | D:8      | Killed Joseph
 11862 | D:8      | Reached XP level 11. HP: 86/87 MP: 3/20
 12708 | D:9      | Reached skill level 5 in Conjurations
 12708 | D:9      | Reached skill level 5 in Hexes
 12708 | D:9      | Reached skill level 5 in Summonings
 12708 | D:9      | Reached skill level 5 in Necromancy
 12708 | D:9      | Reached skill level 5 in Translocations
 12708 | D:9      | Reached skill level 5 in Transmutations
 12708 | D:9      | Reached skill level 5 in Ice Magic
 12708 | D:9      | Reached skill level 5 in Air Magic
 12708 | D:9      | Reached skill level 5 in Earth Magic
 12708 | D:9      | Reached skill level 5 in Poison Magic
 13385 | D:9      | Found a staircase to the Orcish Mines.
 14406 | D:10     | Entered Level 10 of the Dungeon
 15368 | D:10     | Found a staircase to the Lair.
 15819 | D:10     | Found Gihikymi's Fire Supplies.
 15855 | Lair:1   | Entered Level 1 of the Lair of Beasts
 15912 | Lair:1   | Noticed an eight-headed hydra
 16456 | Lair:1   | Killed an eight-headed hydra
 17377 | Lair:1   | Reached XP level 12. HP: 82/96 MP: 9/23
 17495 | Lair:2   | Found a white marble altar of Elyvilon.
 17891 | Lair:2   | Noticed a five-headed hydra
 18048 | Lair:2   | Killed a five-headed hydra
 18899 | Lair:2   | Found a staircase to the Snake Pit.
 19624 | Lair:3   | Reached skill level 10 in Fighting
 19624 | Lair:3   | Reached skill level 10 in Long Blades
 19923 | Lair:3   | Found a staircase to the Shoals.
 20640 | Lair:3   | Learned a level 2 spell: Blink
 20645 | Lair:3   | Learned a level 4 spell: Olgreb's Toxic Radiance
 20754 | Lair:4   | Noticed a five-headed hydra
 20772 | Lair:4   | Killed a five-headed hydra
 20858 | Lair:4   | Noticed a death yak
 21102 | Lair:4   | Noticed an eight-headed hydra
 21328 | Lair:4   | Identified the +7 hand axe of Sharp Cruel Justice {pain,
                  | Drain rElec Int+4}
 21333 | Lair:4   | Killed an eight-headed hydra
 21449 | Lair:4   | Noticed a death yak
 21449 | Lair:4   | Noticed a death yak
 21449 | Lair:4   | Noticed a death yak
 21450 | Lair:4   | Noticed a death yak
 21621 | Lair:4   | Noticed a death yak
 22186 | D:11     | Noticed a two-headed ogre
 22258 | D:11     | Killed a two-headed ogre
 22259 | D:11     | Reached XP level 13. HP: 102/103 MP: 8/25
 22455 | D:11     | Noticed Nergalle
 22464 | D:11     | Learned a level 4 spell: Flame Wave
 22476 | D:11     | Noticed Erolcha
 22478 | D:11     | Killed Nergalle
 22585 | D:11     | Killed Erolcha
 22755 | D:11     | Noticed Fannar
 23066 | Lair:4   | Found a shimmering altar of Xom.
 25774 | Lair:5   | Reached XP level 14. HP: 83/113 MP: 4/27
 26062 | Lair:6   | Entered Level 6 of the Lair of Beasts
 26211 | Orc:1    | Entered Level 1 of the Orcish Mines
 26496 | Orc:1    | Found a runed translucent gate.
 26496 | Orc:1    | Found a runed translucent gate.
 26500 | Orc:1    | Found a runed translucent gate.
 26612 | Orc:1    | Noticed bronco's ghost (journeyman HuFi)
 26613 | Orc:1    | Noticed Xudibb's ghost (journeyman DgFi)
 26703 | Orc:2    | Entered Level 2 of the Orcish Mines
 27620 | D:11     | Killed Fannar
 27857 | D:11     | Learned a level 4 spell: Passage of Golubria
 27962 | D:11     | Found a runed translucent gate.
 27962 | D:11     | Found a runed translucent gate.
 27962 | D:11     | Found a runed translucent gate.
 28326 | D:12     | Found a transporter.
 28678 | D:12     | Noticed Azrael
 29125 | Lair:5   | Reached skill level 10 in Invocations
 31379 | D:12     | Found a transporter.
 31963 | D:12     | Noticed Kirke
 32383 | D:12     | Noticed a sphinx
 32388 | D:12     | Killed Kirke
 32945 | D:13     | Learned a level 4 spell: Airstrike
 32955 | D:13     | Reached skill level 10 in Spellcasting
 33706 | D:13     | Noticed Urug
 33719 | D:13     | Killed Urug
 34084 | Lair:5   | Reached XP level 15. HP: 105/120 MP: 13/29
 34954 | Lair:6   | Reached skill level 10 in Fire Magic
 35153 | Lair:6   | Found a viscous altar of Jiyva.
 35153 | Lair:6   | Found a staircase to the Slime Pits.
 35463 | Lair:6   | Found a burning altar of Makhleb.
 35702 | Lair:6   | Found a gateway to Hell.
 36129 | D:9      | Learned a level 5 spell: Summon Mana Viper
 36815 | Orc:2    | Reached skill level 10 in Short Blades
 36815 | Orc:2    | Reached skill level 10 in Axes
 36815 | Orc:2    | Reached skill level 10 in Maces & Flails
 36815 | Orc:2    | Reached skill level 10 in Polearms
 36815 | Orc:2    | Reached skill level 10 in Staves
 36815 | Orc:2    | Reached skill level 10 in Slings
 36815 | Orc:2    | Reached skill level 10 in Bows
 36815 | Orc:2    | Reached skill level 10 in Crossbows
 36815 | Orc:2    | Reached skill level 10 in Throwing
 36815 | Orc:2    | Reached skill level 10 in Armour
 36815 | Orc:2    | Reached skill level 10 in Dodging
 36815 | Orc:2    | Reached skill level 10 in Stealth
 36815 | Orc:2    | Reached skill level 10 in Shields
 36815 | Orc:2    | Reached skill level 10 in Unarmed Combat
 36815 | Orc:2    | Reached skill level 10 in Evocations
 38426 | Orc:2    | Noticed Josephine
 39512 | Orc:2    | Found Aluvol's Book Boutique.
 39512 | Orc:2    | Found Faosty's Assorted Antiques.
 39514 | Orc:2    | Found Isonais Hyh's Armour Shoppe.
 39516 | Orc:2    | Found Noalaungu's Book Shop.
 39651 | Orc:2    | Killed Josephine
 40042 | Orc:2    | Bought a +0 pair of boots for 58 gold pieces
 40339 | Orc:2    | Found a staircase to the Elven Halls.
 40340 | Orc:2    | Noticed Snorg
 40349 | Orc:2    | Killed Snorg
 42046 | D:13     | Found a gate to the Vaults.
 44899 | Lair:6   | Fell from the grace of Ignis
 44899 | Lair:6   | Became a worshipper of Jiyva Jarehiog the Shapeless
 44902 | Slime:1  | Entered Level 1 of the Pits of Slime
 44904 | Slime:1  | Noticed an azure jelly
 45045 | Slime:1  | Noticed a rockslime
 45107 | Slime:2  | Noticed a rockslime
 45276 | Slime:1  | Noticed an acid blob
 45276 | Slime:1  | Noticed a rockslime
 45276 | Slime:1  | Noticed an azure jelly
 45370 | Slime:3  | Noticed a rockslime
 45372 | Slime:3  | Noticed an acid blob
 45372 | Slime:3  | Noticed an acid blob
 45372 | Slime:3  | Noticed a rockslime
 45535 | Slime:4  | Noticed a rockslime
 45535 | Slime:4  | Noticed an acid blob
 45535 | Slime:4  | Noticed an azure jelly
 45543 | Slime:4  | Noticed an azure jelly
 45545 | Slime:3  | Noticed a rockslime
 45562 | Slime:3  | Noticed a rockslime
 45690 | Slime:2  | Noticed an azure jelly
 45690 | Slime:2  | Noticed an acid blob
 45693 | Slime:2  | Noticed an acid blob
 45887 | Slime:4  | Noticed a rockslime
 46146 | Slime:5  | Entered Level 5 of the Pits of Slime
 46158 | Slime:5  | Noticed a rockslime
 46195 | Slime:5  | Noticed an azure jelly
 46217 | Slime:5  | Noticed a rockslime
 46224 | Slime:5  | Noticed a rockslime
 46227 | Slime:5  | Noticed the Royal Jelly
 46232 | Slime:5  | Noticed an acid blob
 46239 | Slime:5  | Noticed an acid blob
 46246 | Slime:5  | Noticed an azure jelly
 46254 | Slime:5  | Noticed a rockslime
 46261 | Slime:5  | Noticed a rockslime
 46277 | Slime:5  | Noticed an acid blob
 46281 | Slime:5  | Noticed an acid blob
 46300 | Slime:5  | Noticed an acid blob
 46317 | Slime:5  | Noticed an acid blob
 46336 | Slime:5  | Found a viscous altar of Jiyva.
 46411 | Slime:5  | Noticed an acid blob
 46416 | Slime:5  | Noticed an acid blob
 46427 | Slime:5  | Noticed an azure jelly
 46592 | Snake:1  | Entered Level 1 of the Snake Pit
 47195 | Orc:1    | Killed Xudibb's ghost
 47287 | D:8      | Killed bronco's ghost
 47940 | D:14     | Cast into level 3 of the Abyss (a wizard)
 47962 | Abyss:3  | Found a corrupted altar of Lugonu.
 48094 | Abyss:3  | Noticed a tentacled starspawn
 48115 | Abyss:3  | HP: 2/120 [something (18)]
 48122 | Abyss:3  | Killed from afar by a wretched star

Illustrated notes

Levels and vault maps discovered:
D:1:      heliophobic_arrival_dark_side_of_the_moon, layout_loops_ring,
          shapermc_ecumenical_altar_mp_ritualfount
D:2:      minmay_razor_zed, layout_loops_ring, basic_altar
D:3:      layout_loops_ring, serial_shops, nicolae_shop_crystal, shop,
          nicolae_shop_trees, nicolae_shop_hallway_stairs,
          kennysheep_generic_room_9
D:4:      layout_gridville, nzn_wu_jian_contemplation
D:5:      layout_gridville, gammafunk_temple_overflow_claw, zin_purify,
          serial_shops, shop, chequers_serial_rivers_room_b,
          chequers_serial_rivers_micro_d
D:6:      layout_basic, old_standard_altar, minmay_temple_entry_mist,
          gup_ossuary_entry_pyramid, dk_noncrumbling_2, minmay_ogre_servants,
          uniq_maggie, uniq_crazy_yiuf_cottage
D:7:      layout_cave_pools, uniq_pikel, uniq_prince_ribbit1, uniq_harold
D:8:      layout_loops_ring, mumra_transporter_accident,
          hangedman_minor_gate_pass, uniq_joseph, uniq_grum, uniq_maurice
D:9:      layout_small_grid, orc_0_dummy, st_stairs_10
D:10:     layout_cave_pools, erik_lair_island, nicolae_shop_fire_sale
          [nicolae_sub_dead_trees]
D:11:     layout_stronghold, ploomutoo_gammafunk_ghost_potion_laboratory,
          uniq_nergalle, uniq_fannar, uniq_erolcha
D:12:     gammafunk_worm_tunnel, layout_loops_cross, uniq_azrael, uniq_kirke
D:13:     layout_grid_maze, grunt_vaults_entry_tiered, uniq_urug
D:14:     layout_long_grid, nicolae_qazlal_eye_of_the_storm,
          roderic_serpentine_path, disabler_island
Lair:1:   layout_long_grid
Lair:2:   layout_misc_corridors, minmay_snake_entry_guardpost_medium,
          basic_altar
Lair:3:   layout_cave_shapes, shoals_dummy_entry, small_statue_intersection
Lair:4:   layout_long_grid, lemuel_oklob_altar
Lair:5:   nzn_winding_woodlands_small [nzn_winding_woodlands_5x15_zeroes,
          nzn_winding_woodlands_center_pierced_h,
          nzn_winding_woodlands_5x15_jagged], layout_loops_ring,
          roderic_batcave, nicolae_lair_yak_garden
Lair:6:   evil_forest, layout_hall_layers, dpeg_slime_entry_enclosed_altar,
          minivault_25, pond, serial_bayou_shore_a
Snake:1:  layout_grid_shapes, serial_bayou_lagoon_a
Slime:1:  layout_caves
Slime:2:  layout_caves
Slime:3:  layout_caves, cheibrodos_slime_lost_civilization_7
Slime:4:  layout_caves
Slime:5
Orc:1:    layout_caves, gammafunk_ghost_cemetery
Orc:2:    st_orc_rangers, layout_caves, nicolae_volcano_entry_two_sided,
          lemuel_statue_altar, uniq_josephine, uniq_snorg
Abyss:3:  base: Temple, evilmike_abyss_exit_1, minivault_19, minivault_19

Skill      XL: |  1  2  3  4  5  6  7  8  9 10 11 12 13 14 15 |
---------------+----------------------------------------------+-----
Invocations    | 1 2 3 4 5 6 7 8 9 10 11 | 11.2
Short Blades   | 1 2 3 4 5 6 7 8 9 10 | 10.3
Axes           | 1 2 3 4 5 6 7 8 9 10 | 10.3
Maces & Flails | 1 2 3 4 5 6 7 8 9 10 | 10.3
Polearms       | 1 2 3 4 5 6 7 8 9 10 | 10.3
Staves         | 1 2 3 4 5 6 7 8 9 10 | 10.3
Slings         | 1 2 3 4 5 6 7 8 9 10 | 10.3
Bows           | 1 2 3 4 5 6 7 8 9 10 | 10.3
Crossbows      | 1 2 3 4 5 6 7 8 9 10 | 10.3
Throwing       | 1 2 3 4 5 6 7 8 9 10 | 10.3
Armour         | 1 2 3 4 5 6 7 8 9 10 | 10.3
Dodging        | 1 2 3 4 5 6 7 8 9 10 | 10.3
Stealth        | 1 2 3 4 5 6 7 8 9 10 | 10.3
Shields        | 1 2 3 4 5 6 7 8 9 10 | 10.3
Unarmed Combat | 1 2 3 4 5 6 7 8 9 10 | 10.3
Evocations     | 1 2 3 4 5 6 7 8 9 10 | 10.3
Spellcasting   | 3 4 5 6 7 8 9 10 | 10.7
Conjurations   | 1 2 3 4 5 6 7 8 |  8.6
Hexes          | 1 2 3 4 5 6 7 8 |  8.6
Summonings     | 1 2 3 4 5 6 7 8 |  8.6
Necromancy     | 1 2 3 4 5 6 7 8 |  8.6
Translocations | 1 2 3 4 5 6 7 8 |  8.6
Transmutations | 1 2 3 4 5 6 7 8 |  8.6
Ice Magic      | 1 2 3 4 5 6 7 8 |  8.6
Air Magic      | 1 2 3 4 5 6 7 8 |  8.6
Earth Magic    | 1 2 3 4 5 6 7 8 |  8.6
Poison Magic   | 1 2 3 4 5 6 7 8 |  8.6
Fighting       | 7 8 9 10 11 12 | 12.1
Long Blades    | 7 8 9 10 11 12 | 12.1
Fire Magic     | 6 7 8 9 10 | 10.3

Action                   |  1- 3 |  4- 6 |  7- 9 | 10-12 | 13-15 || total
-------------------------+-------+-------+-------+-------+-------++-------
Melee: Falchion          |    66 |    40 |     1 |       |       ||   107
       Bite              |     7 |     2 |    15 |    24 |    74 ||   122
       Punch             |       |     2 |     5 |     3 |       ||    10
       Dagger            |       |       |    99 |       |       ||    99
       Mace              |       |       |     5 |   157 |   495 ||   657
Throw: Javelin           |       |       |     3 |     8 |     1 ||    12
       Dart              |       |       |     3 |    18 |     2 ||    23
       Throwing net      |       |       |       |     4 |     3 ||     7
 Cast: Scorch            |    31 |    96 |   127 |   446 |   290 ||   990
       Olgreb's Toxic Ra |       |       |       |     5 |   180 ||   185
       Flame Wave        |       |       |       |       |    32 ||    32
       Blink             |       |       |       |       |     1 ||     1
       Airstrike         |       |       |       |       |   223 ||   223
       Summon Mana Viper |       |       |       |       |    45 ||    45
       Passage of Golubr |       |       |       |       |     2 ||     2
Invok: Foxfire Swarm     |       |       |     2 |       |       ||     2
       Fiery Armour      |       |       |     2 |       |     2 ||     4
       Rising Flame      |       |       |       |     1 |       ||     1
Evoke: Wand              |       |       |       |     2 |     6 ||     8
  Use: Scroll            |       |     6 |     8 |    12 |    14 ||    40
       Potion            |       |       |     1 |     1 |    14 ||    16
Armor: Robe              |    23 |    14 |     6 |       |       ||    43
       Steam dragon scal |       |       |    26 |    39 |       ||    65
       Troll leather arm |       |       |       |    80 |   250 ||   330
       Skin              |       |       |       |     1 |       ||     1
Dodge: Dodged            |    50 |    40 |   150 |   436 |   768 ||  1444
Block: Buckler           |       |       |       |    83 |   266 ||   349

Table legend: (Time is in decaauts)
 A = Elapsed time spent in this place.
 B = Non-inter-level travel time spent in this place.
 C = Inter-level travel time spent in this place.
 D = Time resting spent in this place.
 E = Time spent auto-exploring this place.
 F = Levels seen in this place.
 G = Mean time per level.
                   A        B        C        D        E       F      G
               +--------+--------+--------+--------+--------+-----+--------+
         Total |  48234 |  44440 |   3794 |  18814 |  18197 |  30 | 1607.8 |
       Dungeon |  25811 |  23870 |   1941 |   9358 |  10723 |  14 | 1843.6 |
          Lair |  14067 |  12470 |   1597 |   5622 |   4456 |   6 | 2344.5 |
     Snake Pit |     11 |     11 |      0 |      0 |      0 |   1 |   11.0 |
    Slime Pits |   1582 |   1459 |    123 |      0 |   1323 |   5 |  316.4 |
  Orcish Mines |   6049 |   5917 |    132 |   3561 |   1496 |   2 | 3024.5 |
         Abyss |    179 |    179 |      0 |     42 |     31 |   1 |  179.0 |
       Ossuary |    533 |    533 |      0 |    231 |    167 |   1 |  533.0 |
               +--------+--------+--------+--------+--------+-----+--------+

Top non-repeatable levels by time:
    D:13: 3457 daAuts
  Lair:5: 3159 daAuts
   Orc:2: 3078 daAuts
   Orc:1: 2970 daAuts
  Lair:6: 2954 daAuts
  Lair:1: 2558 daAuts
     D:8: 2504 daAuts
     D:9: 2467 daAuts
  Lair:4: 2241 daAuts
    D:11: 2168 daAuts
    D:12: 2058 daAuts
     D:7: 1939 daAuts
     D:4: 1880 daAuts
  Lair:3: 1840 daAuts
     D:2: 1601 daAuts
